[Event "*** Titled Tuesday Blitz"]
[Site "Chess.com"]
[Date "2019.09.03"]
[Round "6"]
[White "x-6099009240"]
[Black "NicoChasin"]
[Result "0-1"]
[WhiteElo "2337"]
[BlackElo "2483"]
[TimeControl "180+2"]
[EndTime "16:16:53 PDT"]
[Termination "NicoChasin won on time"]

1. e4 c5 2. Nf3 e6 3. d4 cxd4 4. Nxd4 Nc6 5. Nc3 Qc7 6. Be3 a6 7. Qd2 Nf6 8. O-O-O Bb4 9. f3 Ne7 10. g4 d5 11. g5 Nd7 12. a3 Bxc3 13. Qxc3 Qxc3 14.
bxc3 dxe4 15. fxe4 e5 16. Nf5 Nxf5 17. exf5 Nb8 18.
Bd3 Nc6 19. h4 f6 20. Rde1 Ne7 21. gxf6 gxf6 22. Rhf1 b5 0-1

[Event "*** Titled Tuesday Blitz"]
[Site "Chess.com"]
[Date "2019.09.03"]
[Round "6"]
[White "Thjop"]
[Black "aa175"]
[Result "1-0"]
[WhiteElo "2569"]
[BlackElo "2283"]
[TimeControl "180+2"]
[EndTime "16:16:59 PDT"]
[Termination "Thjop won by resignation"]

1. e4 c5 2. Nf3 d6 3. g3 Nc6 4. Bg2 g6 5. O-O Bg7 6. d3 Nf6 7. Nc3 O-O 8. h3 Ne8 9. Be3 Nc7 10. Qd2 b5 11. Bh6 b4 12. Nd1 Nb5 13. Bxg7 Kxg7 14. Ne3 a5 15. Nh4 a4 16. f4 e6 17. f5 exf5 18.
exf5 Bd7 19. Ng4 Ncd4 20. Qh6+ Kg8 21. f6 Ne6 22. Rae1 Nbc7 23. Nf3 Qxf6 24. Nxf6+ 1-0

[Event "*** Titled Tuesday Blitz"]
[Site "Chess.com"]
[Date "2019.09.03"]
[Round "6"]
[White "JakubPulpan"]
[Black "SirMittensofMittensville"]
[Result "1/2-1/2"]
[WhiteElo "2739"]
[BlackElo "2551"]
[TimeControl "180+2"]
[EndTime "16:17:07 PDT"]
[Termination "Game drawn by agreement"]

1. Nf3 Nf6 2. b3 e6 3. Bb2 d5 4. e3 a5 5. a3 Be7 6. Be2 O-O 7. O-O c5 8. c4 a4 9. cxd5 exd5 10. d4 axb3 11.
dxc5 Nbd7 12. Nbd2 Nxc5 13. Nxb3 Na4 14. Be5 Ne4 15. Bd3 Bg4 16. h3 Bh5 17. Bxe4 dxe4 18. Qxd8 Rfxd8 19. Nfd4 Bf8 20. Rfc1 Rd5 21. Bc7 Nb2 22.
g4 Bg6 23. Bg3 h5 24. Rc7 b5 25. Rb7 Rxa3 26. Rxa3 Bxa3 27. Nxb5 Nc4 28. Nxa3 Nxa3 29. Nd4 hxg4 30. hxg4 Nc4 31. Rb5 Rxb5 32. Nxb5 f6 1/2-1/2

[Event "*** Titled Tuesday Blitz"]
[Site "Chess.com"]
[Date "2019.09.03"]
[Round "6"]
[White "Morscas"]
[Black "12teen"]
[Result "0-1"]
[WhiteElo "2274"]
[BlackElo "2749"]
[TimeControl "180+2"]
[EndTime "16:17:08 PDT"]
[Termination "12teen won by checkmate"]

1. e4 a6 2. Nf3 b5 3. c3 Bb7 4. Bd3 e6 5. O-O Nf6 6. Re1 d5 7. e5 Nfd7 8. a3 c5 9. Bc2 Nc6 10. d4 Be7 11. Nbd2 g5 12. dxc5 Bxc5 13. Nb3 Be7 14.
Nbd4 h5 15. Nxc6 Bxc6 16. Nd4 Bb7 17. Qf3 g4 18. Qf4 Nb6 19. Kh1 Qd7 20. Rf1 Bc5 21. f3 O-O-O 22. fxg4 hxg4 23. Qxf7 g3 24. h3 Rdf8 25.
Qxd7+ Kxd7 26. Bf4 Nc4 27. a4 b4 28. Nb3 Bf2 29. cxb4 Rxh3+ 30. gxh3 d4+ 31. Be4 Bxe4# 0-1

[Event "*** Titled Tuesday Blitz"]
[Site "Chess.com"]
[Date "2019.09.03"]
[Round "6"]
[White "saraswathii"]
[Black "vova-79"]
[Result "0-1"]
[WhiteElo "2284"]
[BlackElo "2395"]
[TimeControl "180+2"]
[EndTime "16:17:09 PDT"]
[Termination "vova-79 won by resignation"]

1. e4 e6 2. d3 d5 3. Nd2 Nf6 4. Ngf3 c5 5. g3 g6 6. Bg2 Bg7 7. O-O O-O 8. Qe2 Nc6 9. c3 a5 10.
Re1 b6 11. Nf1 dxe4 12. dxe4 Ba6 13. c4 Ng4 14. Ne3 Nge5 15. Nxe5 Bxe5 16. f4 Nd4 17. Qf2 Bg7 18. Bd2 Qc7 19. Bc3 Rad8 20. Rad1 Rd7 21.
e5 Rfd8 22. b3 Bb7 23. Ng4 Qb8 24. Rd2 Qa8 25. Red1 Bxg2 26. Bxd4 Bf3 27. Nf6+ Bxf6 28. exf6 Rxd4 29. Rxd4 Bxd1 0-1

[Event "*** Titled Tuesday Blitz"]
[Site "Chess.com"]
[Date "2019.09.03"]
[Round "6"]
[White "jorquerino"]
[Black "KL31"]
[Result "0-1"]
[WhiteElo "2312"]
[BlackElo "2523"]
[TimeControl "180+2"]
[EndTime "16:17:14 PDT"]
[Termination "KL31 won on time"]

1. e4 e6 2. Qe2 c5 3. d3 Nc6 4. Nf3 g6 5. g3 Bg7 6. Bg2 Nge7 7. O-O d6 8. c3 e5 9. a3 O-O 10. b4 b6 11. b5 Na5 12. Qc2 Bd7 13. a4 a6 14. Na3 h6 15. Ne1 Nb7 16. Bd2 Qc7 17.
f4 axb5 18. axb5 Ra7 19. Qb3 Rfa8 20. Nac2 Rxa1 21. Nxa1 Rxa1 0-1

[Event "*** Titled Tuesday Blitz"]
[Site "Chess.com"]
[Date "2019.09.03"]
[Round "6"]
[White "ferdipy"]
[Black "Al_Shima"]
[Result "1-0"]
[WhiteElo "2159"]
[BlackElo "2436"]
[TimeControl "180+2"]
[EndTime "16:17:21 PDT"]
[Termination "ferdipy won by resignation"]

1. d4 Nf6 2. c4 e6 3. Nc3 Bb4 4. Qc2 O-O 5. a3 Bxc3+ 6. Qxc3 d5 7. Bg5 c6 8. e3 Nbd7 9. Nf3 Re8 10. c5 Qc7 11.
Bd3 Ne4 12. Qc2 f5 13. Bf4 Qd8 14. Ne5 g5 15. Bg3 Nxg3 16. hxg3 Nxe5 17. dxe5 d4 18. O-O-O dxe3 19. Bxf5 exf5 20. Rxd8 Rxd8 21. Qc4+ Rd5 22. fxe3 Be6 23. Qe2 Rxc5+ 24. Kb1 g4 25. Qf2 Rf8 26. Qf4 Kh8 27. Qh6 1-0

[Event "*** Titled Tuesday Blitz"]
[Site "Chess.com"]
[Date "2019.09.03"]
[Round "6"]
[White "temus_galaktionov"]
[Black "GasconJR"]
[Result "1-0"]
[WhiteElo "2610"]
[BlackElo "2480"]
[TimeControl "180+2"]
[EndTime "16:17:22 PDT"]
[Termination "temus_galaktionov won on time"]

1. d4 Nf6 2. Nf3 g6 3. c4 Bg7 4. Nc3 O-O 5. e4 d6 6. Be2 e5 7.
O-O Nc6 8. d5 Ne7 9. Ne1 Nd7 10.
f3 f5 11. g4 Kh8 12. Nd3 Ng8 13. Be3 Bh6 14. Bxh6 Nxh6 15. Qd2 Nf7 16. Kg2 Nf6 17. h3 Ng8 18. Rh1 Bd7 19. h4 fxg4 20. fxg4 Nf6 21. g5 Nh5 22. Bxh5 gxh5 23. Raf1 Kg7 24.
Rf6 Nh8 25. Rhf1 Ng6 26. Kg3 Qe7 27. Nd1 Bg4 28. Ne3 h6 29. Nxg4 hxg4 30. h5 Nf4 31.
Nxf4 exf4+ 32. Qxf4 1-0

[Event "*** Titled Tuesday Blitz"]
[Site "Chess.com"]
[Date "2019.09.03"]
[Round "6"]
[White "Iustin106"]
[Black "alishersuleymenov"]
[Result "0-1"]
[WhiteElo "2490"]
[BlackElo "2637"]
[TimeControl "180+2"]
[EndTime "16:17:24 PDT"]
[Termination "alishersuleymenov won by resignation"]

1. d4 Nf6 2. c4 g6 3. Nc3 Bg7 4. e4 O-O 5. Nf3 d6 6. h3 e5 7. d5 a5 8. Be3 Na6 9. g4 Nc5 10.
Nd2 Nfd7 11. h4 f5 12. gxf5 gxf5 13. exf5 Nf6 14. Bxc5 dxc5 15. Bd3 Bh6 16. Nde4 Bxf5 17. Qf3 Nxe4 18. Nxe4 Kh8 19. Nxc5 e4 20. Bxe4 Qe7 21.
Rg1 Rae8 22. Ne6 Bxe6 23. Qc3+ Bg7 24. Rxg7 Qxg7 25. Qxg7+ Kxg7 26. dxe6 Rxe6 27. f3 Rxf3 0-1

[Event "*** Titled Tuesday Blitz"]
[Site "Chess.com"]
[Date "2019.09.03"]
[Round "6"]
[White "Induwara_IM"]
[Black "tonyq11"]
[Result "1-0"]
[WhiteElo "2383"]
[BlackElo "2179"]
[TimeControl "180+2"]
[EndTime "16:17:42 PDT"]
[Termination "Induwara_IM won by checkmate"]

1. d4 Nf6 2. c4 e6 3. Nc3 d5 4. cxd5 exd5 5. Bg5 Be7 6. e3 c6 7.
Bd3 O-O 8. Nge2 Nbd7 9. O-O Re8 10. f3 Nf8 11. Qd2 Ne6 12. Bh4 Nh5 13. Bf2 Bg5 14.
g4 Nf6 15. h4 Nxg4 16. fxg4 Bxh4 17. Nf4 Bxf2+ 18. Qxf2 Ng5 19. Qg3 Qe7 20. Rae1 Qb4 21. Re2 Bd7 22. Nh3 Qe7 23. Bf5 Be6 24. e4 dxe4 25. Nxg5 Qxg5 26. Nxe4 Qd8 27. Nd6 Re7 28.
Bxe6 Rxe6 29. Rxe6 fxe6 30. Rf7 Rc8 31. Qe5 Qxd6 32.
Qxg7# 1-0

[Event "*** Titled Tuesday Blitz"]
[Site "Chess.com"]
[Date "2019.09.03"]
[Round "6"]
[White "jcibarra"]
[Black "jlucasvf"]
[Result "0-1"]
[WhiteElo "2800"]
[BlackElo "2689"]
[TimeControl "180+2"]
[EndTime "16:17:50 PDT"]
[Termination "jlucasvf won by resignation"]

1. Nf3 Nf6 2. g3 d5 3. Bg2 e6 4.
O-O Be7 5. c4 O-O 6. b3 c5 7.
Bb2 d4 8. b4 Nc6 9. b5 Na5 10.
d3 a6 11. a4 Bd6 12. e3 e5 13. exd4 exd4 14. Nbd2 h6 15. Re1 Bf5 16. Qc2 Qc7 17. Nh4 Bh7 18. Ne4 Nxe4 19. Bxe4 Bxe4 20. Rxe4 Rae8 21.
Qe2 Rxe4 22. Qxe4 Nb3 23. Ra3 Nd2 24. Qe1 Qa5 25. Bc1 Nxc4 26. Qxa5 Nxa5 27. Bd2 c4 28. Ra1 Nb3 29. Ra2 c3 30. Be1 Rc8 31. Rc2 Na1 32. Rc1 c2 33. Nf5 Ba3 34. bxa6 bxa6 35. Rxa1 c1=Q 36.
Rxc1 Rxc1 0-1

[Event "*** Titled Tuesday Blitz"]
[Site "Chess.com"]
[Date "2019.09.03"]
[Round "6"]
[White "Iyael"]
[Black "Everyfishknows"]
[Result "1/2-1/2"]
[WhiteElo "2043"]
[BlackElo "2260"]
[TimeControl "180+2"]
[EndTime "16:17:55 PDT"]
[Termination "Game drawn by repetition"]

1. e4 e5 2. Nf3 Nc6 3. Bb5 Nf6 4.
O-O Nxe4 5. Re1 Nd6 6. Nxe5 Nxe5 7. Rxe5+ Be7 8. Bf1 O-O 9. d4 Bf6 10. Re1 Nf5 11. c3 d5 12. Bf4 c6 13. Nd2 Nd6 14. Bd3 Re8 15. Qf3 Be6 16. h3 Qd7 17. g4 g6 18. Re2 Bg7 19. Rae1 Nc4 20. b3 Nxd2 21. Rxd2 f5 22. g5 Bf7 23. Rde2 Rxe2 24. Rxe2 Re8 25.
h4 Rxe2 26. Qxe2 Qe6 27. Qxe6 Bxe6 28. Kf1 Kf7 29. Ke2 b6 30. a4 c5 31. Ke3 Ke7 32. Bb8 c4 33. Bc2 a6 34. Ba7 b5 35. Bc5+ Kd7 36. axb5 axb5 37. bxc4 bxc4 38. Ba4+ Kc7 39. Be8 Kd8 40. Bc6 Kc7 41. Be8 Kd8 42. Bc6 Kc7 43. Be8 1/2-1/2

[Event "*** Titled Tuesday Blitz"]
[Site "Chess.com"]
[Date "2019.09.03"]
[Round "6"]
[White "StephenDedalus83"]
[Black "Vuks91"]
[Result "1-0"]
[WhiteElo "2834"]
[BlackElo "2605"]
[TimeControl "180+2"]
[EndTime "16:17:56 PDT"]
[Termination "StephenDedalus83 won on time"]

1. g3 e5 2. Bg2 Nc6 3. d3 Bc5 4. a3 a6 5. b4 Ba7 6. e3 d6 7. c4 h5 8. h3 Be6 9. Nc3 Qd7 10.
Nge2 Nd8 11. Qb3 f5 12. d4 h4 13. Bb2 Nf6 14. O-O-O e4 15. d5 Bg8 16. g4 Bh7 17. Nf4 fxg4 18. hxg4 Qxg4 19. Rdg1 Qd7 20. Bh3 Qe7 21.
Nce2 O-O 22. Be6+ Nxe6 23. Nxe6 Rf7 24. Rxh4 Nxd5 25. Ng5 1-0

[Event "*** Titled Tuesday Blitz"]
[Site "Chess.com"]
[Date "2019.09.03"]
[Round "6"]
[White "JMatias"]
[Black "SelfishShellfish"]
[Result "0-1"]
[WhiteElo "2355"]
[BlackElo "2194"]
[TimeControl "180+2"]
[EndTime "16:18:02 PDT"]
[Termination "SelfishShellfish won by resignation"]

1. c4 c6 2. d4 d5 3. e3 Nf6 4. Nc3 e6 5. Nf3 Nbd7 6. Bd3 dxc4 7. Bxc4 b5 8. Bd3 Bd6 9. O-O O-O 10. Bd2 Bb7 11.
Rc1 a6 12. Ne4 Nxe4 13. Bxe4 Rc8 14. b4 Nf6 15. Bb1 Nd5 16. a3 a5 17. Qc2 f5 18.
e4 Nb6 19. exf5 exf5 20. bxa5 Nd5 21. Rfe1 Bxa3 22. Rcd1 Bd6 23. Ne5 c5 24. dxc5 Bxc5 25. Qb3 Kh8 26. Ba2 Qh4 27. Re2 f4 28. Nf3 Qf6 29. Qxb5 Ba6 30. Qb2 Qxb2 0-1

[Event "*** Titled Tuesday Blitz"]
[Site "Chess.com"]
[Date "2019.09.03"]
[Round "6"]
[White "Alexandercs432"]
[Black "Ar4uha"]
[Result "0-1"]
[WhiteElo "2037"]
[BlackElo "2513"]
[TimeControl "180+2"]
[EndTime "16:18:08 PDT"]
[Termination "Ar4uha won by checkmate"]

1. e4 d5 2. exd5 Nf6 3. Bb5+ Bd7 4. Be2 Nxd5 5. Nf3 Nc6 6. d4 Bf5 7. O-O e6 8. c4 Ndb4 9. Na3 Be7 10. Be3 O-O 11.
Nb5 a6 12. Nc3 Bf6 13. Rc1 a5 14. a3 Na6 15. Qd2 Qd7 16. Rfd1 Rfd8 17. h3 h6 18. Qe1 Qe7 19. Bd3 Bxd3 20. Rxd3 Nc5 21. Rdd1 Nb3 22.
Rb1 Nbxd4 23. Nxd4 Nxd4 24. Bxd4 Bxd4 25. Nd5 Qc5 26.
Qe4 Bxf2+ 27. Kh1 exd5 28. Qf3 dxc4 29. Rf1 Rd2 30. Rbc1 Rad8 31. b4 axb4 32. axb4 Qe3 33. Qf5 c3 34. b5 b6 35. Ra1 c2 36. Ra3 Rd1 37. Rxe3 Rxf1+ 38. Kh2 Rh1+ 39. Kxh1 c1=Q+ 40. Kh2 Qg1# 0-1

[Event "*** Titled Tuesday Blitz"]
[Site "Chess.com"]
[Date "2019.09.03"]
[Round "6"]
[White "MasterKroket"]
[Black "ahkashefi2800"]
[Result "0-1"]
[WhiteElo "2412"]
[BlackElo "2119"]
[TimeControl "180+2"]
[EndTime "16:18:13 PDT"]
[Termination "ahkashefi2800 won by resignation"]

1. d4 c6 2. c4 d6 3. Nc3 g6 4.
e4 Bg7 5. Nf3 e5 6. h3 Ne7 7.
Bg5 h6 8. Be3 Be6 9. d5 cxd5 10.
cxd5 Bc8 11. Qd2 g5 12. Bb5+ Bd7 13. Bd3 Ng6 14. g3 a6 15. h4 gxh4 16. Nxh4 Bg4 17. Nxg6 fxg6 18. Bxh6 Qf6 19. Rh4 Bxh6 20. Rxh6 Nd7 21.
Be2 Bxe2 22. Rxh8+ Qxh8 23. Qxe2 Qh6 24. f4 exf4 25.
Qf3 Ne5 26. Qf1 f3 27. Kd1 Rc8 28. Kc2 Qh2+ 29. Kb3 Nc4 30. Qc1 f2 31. Rb1 f1=Q 32. Qxf1 Nd2+ 33. Ka3 Nxf1 34. Rxf1 Rxc3+ 35. bxc3 Qxg3 36. Rc1 Qe3 0-1

[Event "*** Titled Tuesday Blitz"]
[Site "Chess.com"]
[Date "2019.09.03"]
[Round "6"]
[White "GCamachoMartinez"]
[Black "Vasily_Papin"]
[Result "0-1"]
[WhiteElo "2426"]
[BlackElo "2608"]
[TimeControl "180+2"]
[EndTime "16:18:14 PDT"]
[Termination "Vasily_Papin won by resignation"]

1. d4 Nf6 2. c4 e6 3. Nf3 b6 4. g3 Ba6 5. b3 b5 6. cxb5 Bxb5 7. Bg2 Bb4+ 8. Bd2 a5 9. O-O Bc6 10. Ne5 Bxg2 11. Kxg2 O-O 12. Nd3 Be7 13. Nc3 Nc6 14.
Be3 Qb8 15. f3 Nb4 16. Nf4 Qb7 17. Bg1 Rfc8 18. Rc1 c5 19. dxc5 Bxc5 20. Bxc5 Rxc5 21. a3 Na6 22. Nd3 Rc7 23. a4 Rac8 24. Nb5 Nd5 25. Qd2 Rc2 26. Nd6 Qb8 27. Qd1 0-1

[Event "*** Titled Tuesday Blitz"]
[Site "Chess.com"]
[Date "2019.09.03"]
[Round "6"]
[White "Mr_Penings"]
[Black "MFguimaraes"]
[Result "1-0"]
[WhiteElo "2508"]
[BlackElo "2292"]
[TimeControl "180+2"]
[EndTime "16:18:15 PDT"]
[Termination "Mr_Penings won by resignation"]

1. c4 c6 2. e4 d5 3. exd5 cxd5 4. cxd5 Nf6 5. Nc3 Nxd5 6. Nf3 g6 7. Bc4 Be6 8. Qb3 Nc7 9. Bxe6 Nxe6 10. Qxb7 Nd7 11. O-O Bg7 12. d4 O-O 13. d5 Nec5 14. Qb4 a5 15. Qc4 Rb8 16. Re1 Rb4 17. Qe2 Re8 18. Bg5 Nf6 19. Rad1 h6 20. Bxf6 Bxf6 21. d6 Qb6 22. Nd5 Rxb2 23. Nxb6 Rxe2 24. Rxe2 e5 25. d7 Rd8 26. Rc2 Ne6 27. Rc8 Kg7 28. Rxd8 Nxd8 29. Nd5 e4 30. Nd2 Be5 31. Nxe4 f5 32. Nc5 Kf7 33. Ne3 Ke7 34. Nc4 Bc7 35. Re1+ Kf7 36. Re8 Nc6 37. Rc8 1-0

[Event "*** Titled Tuesday Blitz"]
[Site "Chess.com"]
[Date "2019.09.03"]
[Round "6"]
[White "pheonixking2000"]
[Black "platy3"]
[Result "0-1"]
[WhiteElo "2707"]
[BlackElo "2875"]
[TimeControl "180+2"]
[EndTime "16:18:18 PDT"]
[Termination "platy3 won by resignation"]

1. a3 b6 2. c4 Bb7 3. Nc3 Nf6 4. Nf3 g6 5. g3 Bg7 6. Bg2 O-O 7. O-O d5 8. cxd5 Nxd5 9. d4 Nxc3 10. bxc3 c5 11.
Re1 cxd4 12. cxd4 Be4 13. Bb2 Nc6 14. Qa4 Qd5 15. Red1 Rac8 16. Ne1 Bxg2 17. Nxg2 Na5 18. Nf4 Qe4 19. Rac1 g5 20. Rxc8 Rxc8 21. Qd7 Qc6 22.
Qg4 h6 23. h4 Qc2 24. hxg5 Qxd1+ 25. Kg2 Rc1 26. Bxc1 Qxc1 27. gxh6 Qc6+ 28. e4 Qxh6 29. Qc8+ Bf8 30. e5 Qc6+ 0-1

[Event "*** Titled Tuesday Blitz"]
[Site "Chess.com"]
[Date "2019.09.03"]
[Round "6"]
[White "Firouzja2003"]
[Black "YQPerez"]
[Result "0-1"]
[WhiteElo "3030"]
[BlackElo "2784"]
[TimeControl "180+2"]
[EndTime "16:18:23 PDT"]
[Termination "YQPerez won by resignation"]

1. Nf3 d5 2. b3 Nf6 3. Bb2 Bf5 4. e3 e6 5. Be2 Be7 6. Nh4 Bg6 7. O-O c5 8. d3 Nc6 9. Nd2 d4 10.
e4 Nd7 11. Nxg6 hxg6 12. f4 g5 13. f5 Qc7 14. g3 O-O-O 15. fxe6 fxe6 16. Bg4 Rh6 17.
Rf2 Kb8 18. a4 Rdh8 19. Nc4 Nde5 20. Bc1 Nxc4 21. bxc4 Bd6 22. Qf3 Rf6 23. Qg2 Rxf2 24. Qxf2 Rf8 25. Qe2 Bxg3 26. hxg3 Qxg3+ 27. Qg2 Qe1+ 28.
Kh2 Ne5 29. Bxg5 Nxg4+ 30. Qxg4 Qf2+ 0-1

[Event "*** Titled Tuesday Blitz"]
[Site "Chess.com"]
[Date "2019.09.03"]
[Round "6"]
[White "iturrizaga"]
[Black "ckgchess"]
[Result "1-0"]
[WhiteElo "2941"]
[BlackElo "2742"]
[TimeControl "180+2"]
[EndTime "16:18:44 PDT"]
[Termination "iturrizaga won by resignation"]

1. c4 g6 2. g3 Bg7 3. Bg2 e5 4.
Nc3 Nc6 5. e4 Nge7 6. Nge2 d6 7.
O-O h5 8. d3 h4 9. Bg5 f6 10.
Be3 Be6 11. Nd5 Qd7 12. f3 hxg3 13. hxg3 O-O-O 14. Qa4 a6 15. b4 Bh3 16. b5 Nd4 17. Nxe7+ Qxe7 18. Bxd4 exd4 19. bxa6 bxa6 20. Rab1 Bxg2 21.
Kxg2 Rh5 22. Qxa6+ Kd7 23. Qa4+ Ke6 24. Nf4+ Kf7 25. Nxh5 gxh5 26. Qc6 h4 27. Qd5+ Kf8 28. Rh1 hxg3 29. Rh7 Qe8 30. Rbh1 Qa4 31. Rh8+ Ke7 32.
Rxd8 Qxa2+ 33. Kxg3 Qd2 34. Rg8 1-0

[Event "*** Titled Tuesday Blitz"]
[Site "Chess.com"]
[Date "2019.09.03"]
[Round "6"]
[White "HanSchut"]
[Black "ecwinslow"]
[Result "0-1"]
[WhiteElo "2201"]
[BlackElo "2048"]
[TimeControl "180+2"]
[EndTime "16:18:45 PDT"]
[Termination "ecwinslow won by resignation"]

1. e4 d6 2. d4 Nf6 3. Nc3 g6 4. f4 Bg7 5. Nf3 O-O 6. Bd3 Na6 7. O-O c5 8. d5 Rb8 9. a4 e6 10. dxe6 fxe6 11. Qe1 Nb4 12. Qh4 d5 13. e5 Nh5 14. Ng5 c4 15. Bxg6 hxg6 16. g4 Bh6 17. gxh5 Bxg5 18. fxg5 Qb6+ 19. Kg2 Rxf1 20. Kxf1 Bd7 21.
hxg6 Rf8+ 22. Bf4 Rxf4+ 23. Qxf4 Be8 24. g7 Kxg7 25. Qf6+ Kg8 26. Kg2 Nxc2 27. Qf2 Ne3+ 28. Kg1 Bg6 29. a5 Qd4 30. Rf1 Qg4+ 31. Kh1 Nxf1 32.
Qxf1 Be4+ 0-1

[Event "*** Titled Tuesday Blitz"]
[Site "Chess.com"]
[Date "2019.09.03"]
[Round "6"]
[White "IMRosen"]
[Black "TreabharMakernes"]
[Result "1-0"]
[WhiteElo "2587"]
[BlackElo "2358"]
[TimeControl "180+2"]
[EndTime "16:18:51 PDT"]
[Termination "IMRosen won by resignation"]

1. e4 e5 2. Nf3 Nc6 3. Bb5 Nge7 4. Nc3 Ng6 5. d4 exd4 6. Nxd4 Bb4 7. Nf5 O-O 8. O-O Bxc3 9. bxc3 a6 10. Bc4 Na5 11. Qd4 Qf6 12. Qxf6 gxf6 13. Bd3 Re8 14. Nh6+ Kg7 15.
Ng4 Ne5 16. h3 Nxd3 17. cxd3 d5 18. f3 dxe4 19. dxe4 f5 20. exf5 Bxf5 21. Bh6+ Kg6 22. Bf4 Bxg4 23. hxg4 c6 24. Kf2 Nc4 25. Rh1 Rad8 26.
Rh6+ Kg7 27. Rah1 Rd7 28. Rxh7+ Kf8 29. Bg5 Rd5 30. Bf6 1-0

[Event "*** Titled Tuesday Blitz"]
[Site "Chess.com"]
[Date "2019.09.03"]
[Round "6"]
[White "ChristopherYoo"]
[Black "becemix"]
[Result "1-0"]
[WhiteElo "2584"]
[BlackElo "2410"]
[TimeControl "180+2"]
[EndTime "16:18:53 PDT"]
[Termination "ChristopherYoo won by checkmate"]

1. e4 e5 2. Nf3 Nc6 3. Bc4 Nf6 4. d3 Bc5 5. O-O d6 6. c3 a6 7. a4 h6 8. b4 Ba7 9. Na3 O-O 10. Be3 Qe7 11.
Bxa7 Rxa7 12. Nc2 Be6 13. Ne3 Nd8 14. Bxe6 fxe6 15. Nh4 Qf7 16. g3 g5 17. Nhg2 Kh7 18.
f4 gxf4 19. gxf4 exf4 20. Rxf4 Qg6 21. Qe2 Nc6 22. Raf1 Raa8 23. Kh1 Qg7 24. Nh4 Ne5 25. Rg1 Qe7 26. d4 Ned7 27. Ng6 Qf7 28. Nxf8+ Rxf8 29. Qf3 e5 30. Rf5 exd4 31. cxd4 Qe6 32. Nd5 Nxd5 33. Rxf8 Nxf8 34. exd5 Qe7 35. Rf1 Kg7 36. Qg4+ Ng6 37.
Rg1 Qf7 38. Qe4 h5 39. b5 axb5 40. axb5 Kh6 41. h3 Qf6 42. Kh2 Nf4 43. Rf1 Kg5 44. h4+ Kg4 45. Rg1+ Kxh4 46. Qe1# 1-0

[Event "*** Titled Tuesday Blitz"]
[Site "Chess.com"]
[Date "2019.09.03"]
[Round "6"]
[White "riconaipe"]
[Black "a_kandil"]
[Result "0-1"]
[WhiteElo "2563"]
[BlackElo "2421"]
[TimeControl "180+2"]
[EndTime "16:18:55 PDT"]
[Termination "a_kandil won by resignation"]

1. d4 Nf6 2. Nf3 e6 3. c4 Bb4+ 4. Nc3 d5 5. e3 c5 6. cxd5 Nxd5 7.
Bd2 cxd4 8. Nxd4 O-O 9. Bd3 e5 10. Nde2 Nxc3 11. Bxc3 Bxc3+ 12. Nxc3 Qg5 13. O-O Nc6 14.
Ne4 Qe7 15. Ng3 f5 16. Qb3+ Kh8 17. Rad1 Be6 18. Qa4 Qg5 19. h4 Qe7 20. f4 Qxh4 21. Ne2 e4 22. Bc4 Bxc4 23. Qxc4 Rad8 24. Qe6 Qg4 25. Nc3 h6 26. Rfe1 Rxd1 27. Rxd1 Rf6 28. Qc8+ Kh7 29. Qxb7 Qg3 30. Nd5 Rg6 31. Kf1 Qxg2+ 32.
Ke1 Qh2 33. Nf6+ Rxf6 34. Rd2 Qg1+ 35. Ke2 Rg6 0-1

[Event "*** Titled Tuesday Blitz"]
[Site "Chess.com"]
[Date "2019.09.03"]
[Round "6"]
[White "newauto"]
[Black "laboratorio25"]
[Result "0-1"]
[WhiteElo "1949"]
[BlackElo "2404"]
[TimeControl "180+2"]
[EndTime "16:18:55 PDT"]
[Termination "laboratorio25 won by resignation"]

1. e4 e6 2. d4 d5 3. exd5 exd5 4. Nf3 Nf6 5. h3 Bd6 6. c4 dxc4 7. Bxc4 O-O 8. O-O h6 9. Nc3 c6 10. Be3 Nbd7 11.
a3 Nb6 12. Bd3 Nbd5 13. Qd2 Re8 14. Rae1 Be6 15. b4 Nxc3 16. Qxc3 Bd5 17. Ne5 Nd7 18.
f4 Nf6 19. Bb1 Be4 20. Ba2 Bd5 21. Nc4 Bf8 22. Bc1 b5 23. Ne5 Bxa2 24. Nxc6 Qc7 25.
Bb2 Bc4 26. Ne5 Nd5 27. Qd2 Bxf1 28. Rxf1 Rac8 29. f5 Qc2 30. Qxc2 Rxc2 31. Bc1 f6 32. Ng6 Ree2 33. Bf4 Rxg2+ 34. Kh1 Nxf4 35. Rxf4 Rh2+ 36. Kg1 Rcg2+ 37. Kf1 Ra2 38. Kg1 Bd6 0-1

[Event "*** Titled Tuesday Blitz"]
[Site "Chess.com"]
[Date "2019.09.03"]
[Round "6"]
[White "SimonKnightRivendell"]
[Black "nitpicker"]
[Result "0-1"]
[WhiteElo "2019"]
[BlackElo "2232"]
[TimeControl "180+2"]
[EndTime "16:18:58 PDT"]
[Termination "nitpicker won by resignation"]

1. Nf3 Nf6 2. g3 d5 3. Bg2 c5 4. O-O g6 5. c4 dxc4 6. Na3 Bg7 7. Nxc4 Nc6 8. d3 Nd5 9. e4 Ndb4 10. Qe2 Qxd3 11. Qxd3 Nxd3 12. Rd1 Nxc1 13. Raxc1 O-O 14.
b3 h6 15. Ne3 b6 16. Nd5 e6 17.
Ne3 Ba6 18. Nc4 Rfd8 19. Ne1 Rac8 20. Nd3 Bd4 21. e5 Bxc4 22. Rxc4 Nxe5 23. Nxe5 Bxe5 24. Rxd8+ Rxd8 25. Kf1 Rd2 26. a4 Bd4 27. Ke1 Rxf2 28. Rxd4 Rxg2 29. Rd8+ Kg7 30. Rd7 Rxh2 31. Rxa7 Rb2 32.
Rb7 Rxb3 33. a5 b5 34. a6 b4 35. a7 Ra3 0-1

[Event "*** Titled Tuesday Blitz"]
[Site "Chess.com"]
[Date "2019.09.03"]
[Round "6"]
[White "Hikaru"]
[Black "INLOVEWITHF"]
[Result "1-0"]
[WhiteElo "3216"]
[BlackElo "2309"]
[TimeControl "180+2"]
[EndTime "16:19:00 PDT"]
[Termination "Hikaru won by resignation"]

1. e4 e5 2. Qh5 Nc6 3. Bc4 g6 4. Qf3 Nf6 5. Ne2 Bg7 6. d3 d6 7. h3 Na5 8. Nbc3 Nxc4 9. dxc4 Be6 10. b3 h6 11. g4 Nd7 12. Ng3 Qe7 13. h4 c6 14. Be3 O-O-O 15. Qe2 Kb8 16. f3 Bf6 17. h5 Bh4 18. Bf2 Bxg3 19. Bxg3 g5 20. O-O-O Nc5 21. Bf2 Bc8 22. Qe3 b6 23. Ne2 Ne6 24.
Ng3 Nf4 25. Kb2 Be6 26. Qc3 Qb7 27. Rd2 Rd7 28. c5 bxc5 29. Bxc5 Rhd8 30. Ba3 c5 31. Rhd1 f6 32. Nf1 Qc6 33. Ne3 Ka8 34. Ka1 Qb7 35. Qa5 Qb6 36. Qc3 Qb7 37. Bc1 Qc6 38. Qb2 Qb7 39.
Qa3 Qb6 40. Bb2 Qc6 41. Bc3 Qb6 42. Ba5 Qa6 43. Kb2 Rc8 44. Bc3 Qxa3+ 45. Kxa3 Rc6 46. Kb2 Kb7 47. a4 Ra6 48. Kc1 Kc6 49. Bb2 Rb6 50.
Ba3 Rb8 51. Kb2 Rbb7 52. Kc3 Rb8 53. Kb2 a6 54. Ra1 Rbb7 55. Rad1 Rd8 56. Ka2 Rdd7 57. Bc1 Rb8 58. Rh2 Rbb7 59. Nf1 Rb8 60. Bxf4 gxf4 61. Ka3 Rb4 62. Rhd2 Rd4 63. c3 Rxd2 64. Nxd2 a5 65. Kb2 Rb7 66. Kc2 Bf7 67. Ra1 Bg8 68. Rb1 Bf7 69. Rb2 Bg8 70. Nb1 d5 71. exd5+ Bxd5 72. Nd2 f5 73. gxf5 Rf7 74. c4 1-0

[Event "*** Titled Tuesday Blitz"]
[Site "Chess.com"]
[Date "2019.09.03"]
[Round "6"]
[White "area_5"]
[Black "HarryCun"]
[Result "1-0"]
[WhiteElo "2714"]
[BlackElo "2133"]
[TimeControl "180+2"]
[EndTime "16:19:03 PDT"]
[Termination "area_5 won by resignation"]

1. e4 c6 2. d4 d5 3. exd5 cxd5 4. c4 Nf6 5. Nc3 e6 6. c5 b6 7. b4 a5 8. Na4 bxc5 9. bxc5 Ba6 10. Nb6 Ra7 11.
Qa4+ Nfd7 12. Bxa6 Rxa6 13. Nf3 Be7 14. Ne5 Bf6 15.
Nbxd7 Nxd7 16. c6 Nb6 17. Qb5 Qc8 18. c7+ Kf8 19. Ba3+ Kg8 20. Rc1 h6 21. O-O Kh7 22.
Nxf7 Rf8 23. Nd6 Qd7 24. Qxd7 Nxd7 25. c8=Q Rxc8 26. Nxc8 Bxd4 27. Rfe1 e5 28. Ne7 Rd6 29. Bxd6 1-0